 Dungeon Crawl Stone Soup version 0.31.0-12-g77e489cdc1 (webtiles) character file.

Game seed: 12858905239941989632

365 hawla the Shield-Bearer (level 6, 0/52 HPs)
             Began as a Minotaur Fighter on Feb 17, 2024.
             Killed from afar by an orc wizard (13 damage)
             ... with a puff of flame
             ... on level 5 of the Dungeon.
             The game lasted 00:04:34 (3112 turns).

hawla the Shield-Bearer (Minotaur Fighter)          Turns: 3112, Time: 00:04:35

Health: 0/52       AC:  8    Str: 22    XL:     6   Next: 40%
Magic:  14/14      EV: 16    Int:  5    God:
Gold:   244        SH:  0    Dex: 10    Spells: 5/5 levels left

rFire   . . .        a - +0 war axe (venom)
rCold   . . .        c - +0 buckler
rNeg    . . .        b - +0 scale mail
rPois   .            (helmet restricted)
rElec   .            (no cloak)
rCorr   .            g - +0 pair of gloves
SInv    .            (no boots)
Will    .....        e - amulet of reflection Stlth
                     l - +5 ring of evasion
HPRegen 0.28/turn    o - ring of magical power
MPRegen 0.14/turn

%: reflection
@: confused
A: horns 2, retaliatory headbutt
a: no special abilities


You were on level 5 of the Dungeon.
You visited 1 branch of the dungeon, and saw 5 of its levels.

You collected 244 gold pieces.

Inventory:

Hand Weapons
 a - a +0 war axe of venom (weapon)
Missiles
 n - 2 poisoned darts (quivered)
Armour
 b - a +0 scale mail (worn)
 c - a +0 buckler (worn)
 g - a +0 pair of gloves (worn)
Jewellery
 e - an amulet of reflection (around neck)
 l - a +5 ring of evasion (left hand)
 o - a ring of magical power (right hand)
Scrolls
 f - 5 scrolls of teleportation
 q - a scroll of noise {unknown}
 r - 3 scrolls of blinking {unknown}
Potions
 d - 2 potions of might
 h - a potion of lignification {unknown}
 i - 2 potions of curing
 j - 2 potions of degeneration {unknown}
 k - a potion of haste {unknown}
 m - a potion of brilliance {unknown}
 p - a potion of ambrosia {unknown}


   Skills:
 - Level 4.0 Fighting
 - Level 2.4 Axes
 + Level 3.1 Throwing
 - Level 3.6 Armour
 - Level 5.0 Dodging
 - Level 5.0 Shields


You had 5 spell levels left.
You didn't know any spells.
Your spell library was empty.

Dungeon Overview and Level Annotations

Branches:
Dungeon (5/15)             Temple (0/1) D:4

Altars:
Elyvilon
Nemelex Xobeh
Wu Jian
Zin


Innate Abilities, Weirdness & Mutations

You have a pair of horns on your head.
You reflexively headbutt those who attack you in melee.


Message History

The orc wizard barely misses you.
The orc wizard gestures at you while chanting.
You are confused.
Your Throwing skill increases to level 3!
Deactivating autopickup; reactivate with Ctrl-A.
You closely miss something. Your headbutt misses something.
You miss the orc wizard. The orc wizard barely misses you. Something hits you.
You miss something. You miss the orc wizard. The orc wizard barely misses you.
Something hits you. The orc wizard barely misses you. Something hits you.
You bump into the crystal wall.
The orc wizard casts a spell at you. You resist with some effort.
Something hits you.
You completely miss something. Your headbutt misses something.
You closely miss the orc wizard.
You feel less confused. You block the orc wizard's attack.
You hear some strange, mumbled words.
Something tries to affect you, but you resist.
You miss something. You barely miss the orc wizard.
The orc wizard hits you with a +0 dagger.
* * * LOW HITPOINT WARNING * * *
You hear some strange, mumbled words.
You are confused.
Unknown command.
You bump into the crystal wall.
The orc wizard closely misses you. Something hits you but does no damage.
You're too confused to move!
An orc wizard appears from thin air!
Reactivating autopickup.
The orc wizard misses you.
The orc wizard hits you but does no damage.
You bump into the stone wall.
The orc wizard barely misses you.
The orc wizard hits you but does no damage.
The orc wizard attacks as it pursues you!
The orc wizard hits you with a +0 dagger.
* * * LOW HITPOINT WARNING * * *
Things that are here:
a +0 hand axe; an orc corpse The orc wizard points at you and mumbles some strange words.
The puff of flame hits you!
You die...

#################
................#
###....#...##..#
#....#...# #.#
######)...##..###.#
#(.ooo.@.###......#
#...o#...# ##.....#
#....#...# ###...#
#...##..## ####.#
#.## #..# ####....#
... .[####.......###
...
..###...........# ..
####..........#.####
#..####.###.#.....


You could see 2 orc wizards and 2 orcs.

Vanquished Creatures
  An ice beast (D:3)
  A bombardier beetle (D:3)
  A jelly (D:5)
  An iguana (D:5)
  An orc wizard (D:5)
  Terence (D:2)
  A gnoll (D:5)
  3 adders
  4 dart slugs
  A ribbon worm (D:3)
  3 orcs (D:5)
  4 ball pythons
  4 bats
  7 endoplasms
  2 giant cockroaches
  10 goblins
  7 hobgoblins
  11 jackals
  2 quokkas
  2 frilled lizards
  7 kobolds
  7 rats
81 creatures vanquished.

Notes
Turn   | Place    | Note
-------+----------+-------------------------------------------
     0 | D:1      | hawla the Minotaur Fighter began the quest for the Orb.
     0 | D:1      | Reached XP level 1. HP: 19/19 MP: 0/0
   155 | D:1      | Reached XP level 2. HP: 27/27 MP: 1/1
   186 | D:1      | Reached skill level 1 in Dodging
   741 | D:1      | Reached XP level 3. HP: 33/33 MP: 2/2
   899 | D:2      | Noticed Terence
   910 | D:2      | Killed Terence
   980 | D:2      | Reached XP level 4. HP: 40/40 MP: 3/3
  1240 | D:2      | Reached skill level 5 in Shields
  1552 | D:3      | Noticed an ice beast
  1565 | D:3      | Killed an ice beast
  1566 | D:3      | Reached skill level 5 in Dodging
  1566 | D:3      | Reached XP level 5. HP: 46/46 MP: 4/4
  1668 | D:3      | Found a glowing silver altar of Zin.
  2255 | D:4      | Found a staircase to the Ecumenical Temple.
  2281 | D:4      | Reached skill level 1 in Throwing
  2553 | D:4      | Found a sparkling altar of Nemelex Xobeh.
  2560 | D:4      | Found a white marble altar of Elyvilon.
  2888 | D:5      | Entered Level 5 of the Dungeon
  2888 | D:5      | Found an ornate altar of the Wu Jian Council.
  2909 | D:5      | Reached XP level 6. HP: 35/52 MP: 5/5
  3112 | D:5      | Killed from afar by an orc wizard

Illustrated notes

Levels and vault maps discovered:
D:1:      dpeg_arrival_water_fire, layout_basic, minmay_quantized
D:2:      layout_basic, uniq_terence
D:3:      layout_loops_corners, zin_scriptorium
D:4:      layout_loops_ring, mainiacjoe_overflow_catwalk_spiral,
          minmay_temple_entry_statues_fountains
D:5:      minmay_recursive_quarters, layout_rooms, fedhas_altar_1,
          hellmonk_sif_muna_bookshelves, mainiacjoe_overflow_catwalk,
          trog_three_pillars_becter, serial_shops, shop,
          kennysheep_generic_room_14

Skill      XL: |  1  2  3  4  5  6 |
---------------+-------------------+-----
Fighting       | 4 |  4.0
Dodging        | 1 2 5 |  5.0
Shields        | 4 5 |  5.0
Throwing       | 2 3 |  3.1
Axes           | |  2.4
Armour         | |  3.6

Action                     |  1- 3 |  4- 6 || total
---------------------------+-------+-------++-------
  Melee: War axe           |    80 |   105 ||   185
         Headbutt          |     5 |    13 ||    18
    Use: Scroll            |       |     8 ||     8
 Armour: Scale mail        |    42 |    63 ||   105
  Dodge: Dodged            |    36 |    60 ||    96
  Block: Buckler           |    55 |    55 ||   110
         Reflection        |       |     2 ||     2
